AoeStats
← Navix de los Bosques de Lituania

Arabia

514055758Analyzed
3v3 RM · 1d ago on Oct 16, 2026· 48m 46s· 6 players
Game mode
Random Map
Map size
Normal (6 player)
Population
200
Speed
Normal
Resources
Standard
Victory
Conquest
Starting age
Dark Age
Ending age
Imperial Age
RankedLock teamsTeams togetherTeam positionsShared explorationLock speedFull tech treeHidden civsTurbo modeCheats
Victory
Defeat
🇮🇳 Khmer · India
758
+14
🇮🇳 Huns · India
746
+15
🇮🇳 Dravidians · India
726
+16
vs
735
-16
🇹🇼 Franks · Taiwan
731
-15
🇪🇸 Turks · Spain
686
-14
Fumo Cosas
13:33 Feudal Age
17:22 Castle Age
15:39 Stone Mining
15:49 Double-Bit Axe
16:43 Horse Collar
18:19 Bow Saw
22:50 Gold Mining
24:27 Gold Shaft Mining
24:36 Wheelbarrow
24:32 Murder Holes
25:37 Heavy Plow
28:20 Hand Cart
28:58 Treadmill Crane
32:22 Sipahi
33:37 Man-at-Arms
34:18 Squires
34:04 Arson
34:30 Scale Barding Armor
34:25 Scale Mail Armor
34:35 Forging
34:15 Fletching
34:25 Padded Archer Armor
36:11 Bloodlines
36:02 Husbandry
36:51 Masonry
40:02 Imperial Age
39:18 Chain Barding Armor
39:13 Chain Mail Armor
39:33 Iron Casting
38:53 Bodkin Arrow
39:13 Leather Archer Armor
Navix de los Bosques de Lituania
3:10 Loom
jp1363
4:05 Loom
13:18 Feudal Age
20:00 Scale Barding Armor
21:32 Forging
23:11 Double-Bit Axe
26:41 Castle Age
25:18 Scale Mail Armor
25:11 Arson
25:51 Gold Mining
26:25 Man-at-Arms
27:54 Bow Saw
28:41 Husbandry
28:49 Squires
31:26 Long Swordsman
33:24 Iron Casting
32:34 Pikeman
33:06 Gambesons
35:59 Fletching
37:02 Ballistics
38:01 Stone Mining
38:57 Town Watch
43:05 Imperial Age
41:47 Chain Mail Armor
43:25 Chain Barding Armor
44:21 Conscription
44:55 Gold Shaft Mining
45:24 Chemistry
43:50 Cavalier
44:55 Two-Handed Swordsman
Manav711
9:20 Feudal Age
15:01 Bloodlines
18:52 Horse Collar
25:04 Castle Age
25:59 Double-Bit Axe
26:16 Light Cavalry
26:57 Husbandry
26:26 Pikeman
26:52 Arson
29:12 Scale Mail Armor
31:14 Bow Saw
37:00 Heavy Plow
43:58 Imperial Age
41:15 Loom
41:16 Town Watch
42:15 Ballistics
44:08 Scale Barding Armor
46:19 Elite Ballista Elephant
48:11 Conscription
48:27 Double Crossbow
roshan4119
13:48 Feudal Age
14:24 Double-Bit Axe
15:18 Gold Mining
18:49 Stone Mining
22:13 Castle Age
20:49 Scale Barding Armor
20:54 Fletching
21:58 Forging
22:36 Bloodlines
22:32 Elite Skirmisher
24:09 Husbandry
25:24 Light Cavalry
27:28 Padded Archer Armor
31:18 Bow Saw
31:49 Gold Shaft Mining
32:18 Thumb Ring
32:48 Loom
32:49 Town Watch
34:01 Wheelbarrow
33:47 Bodkin Arrow
36:16 Chain Barding Armor
36:32 Iron Casting
36:15 Hand Cart
36:04 Town Patrol
37:55 Ballistics
40:12 Imperial Age
40:26 Cavalier
42:15 Chemistry
41:42 Atheism
42:50 Plate Barding Armor
43:16 Blast Furnace
42:17 Bracer
42:32 Leather Archer Armor
43:17 Conscription
45:36 Paladin
VJ694
11:52 Feudal Age
12:25 Double-Bit Axe
12:23 Horse Collar
16:27 Gold Mining
17:22 Wheelbarrow
21:31 Castle Age
22:39 Bow Saw
22:47 Hand Cart
22:31 Stone Mining
23:50 Caravan
24:23 Heavy Plow
25:50 Coinage
30:52 Stone Mining
39:13 Imperial Age
37:09 Ballistics
42:36 Chemistry
41:12 Heavy Scorpion
43:21 Banking
43:02 Guilds
Connection lost

Rejoining the realm…

Still unreachable

The connection could not be restored.

Session expired

The server has moved on; the page needs a fresh start.